 Dungeon Crawl Stone Soup version 0.30-a0-778-g2ef04afb54 (webtiles) character file.

Game seed: 3605180315046849504

30957 scionoferis the Nimble (level 12, -4/101 HPs)
             Began as a Demigod Hexslinger on Feb 16, 2023.
             Slain by a tengu warrior
             ... wielding a +0 glaive
              (27 damage)
             ... on level 9 of the Dungeon.
             The game lasted 01:22:12 (19169 turns).

scionoferis the Nimble (Demigod Hexslinger)        Turns: 19169, Time: 01:22:13

Health: -4/101     AC:  6    Str: 11    XL:     12   Next: 94%
Magic:  16/16      EV: 30    Int: 15    God:
Gold:   937        SH:  0    Dex: 36    Spells: 12/13 levels left

rFire   . . .      SeeInvis +    a - +5 scimitar
rCold   . . .      Faith    .    (no shield)
rNeg    . . .      Spirit   .    G - +1 robe {Will+}
rPois   +          Reflect  .    K - +0 helmet
rElec   .          Harm     .    S - scarf {repulsion}
rCorr   .          Rampage  .    (no gloves)
Will    ++...                    O - +1 pair of boots {Fly}
Stlth   +++++                    I - amulet of regeneration
HPRegen 1.16/turn                z - ring of see invisible
MPRegen 0.15/turn                x - +6 ring of dexterity

@: flying, repel missiles
A: high MP 1, forlorn, divine attributes, poison resistance
a: no special abilities


You were on level 9 of the Dungeon.
You visited 1 branch of the dungeon, and saw 13 of its levels.
You also visited: Bailey.

You collected 1034 gold pieces.
You spent 97 gold pieces at shops.


Innate Abilities, Weirdness & Mutations

You have an increased reservoir of magic. (+10% MP)
You shall have no god before yourself.
Your divine heritage dramatically boosts your attributes as you level up.
Your system is resistant to poisons. (rPois)


   Skills:
 - Level 8.0 Fighting
 * Level 12.6 Long Blades
 - Level 1.7 Ranged Weapons
 * Level 13.0 Dodging
 - Level 8.0 Stealth
 - Level 1.0 Spellcasting
 - Level 2.6 Hexes


You had 12 spell levels left.
You knew the following spells:

 Your Spells              Type           Power      Damage    Failure   Level
a - Slow                  Hex            32%        N/A       9%          1

Your spell library contained the following spells:

 Spells                   Type           Power      Damage    Failure   Level
 Sting                    Tmut/Pois      0%         1d3       24%         1
 Cigotuvi's Dreadful Rot  Necr/Pois/Air  0%         N/A       36%         2
 Poisonous Vapours        Pois/Air       0%         N/A       36%         2
 Inner Flame              Hex/Fire       4%         N/A       38%         3
 Portal Projectile        Hex/Tloc       8%         N/A       38%         3
 Call Canine Familiar     Summ           0%         N/A       58%         3
 Mephitic Cloud           Conj/Pois/Air  0%         N/A       58%         3
 Vhi's Electric Charge    Tloc/Air       0%         N/A       58%         3
 Cause Fear               Hex            4%         N/A       63%         4
 Leda's Liquefaction      Hex/Erth       2%         N/A       80%         4
 Summon Ice Beast         Ice/Summ       0%         N/A       94%         4
 Yara's Violent Unravell  Hex/Tmut       2%         3d3       98%         5
 Arcjolt                  Conj/Air       0%         1d10      100%        5
 Simulacrum               Ice/Necr       0%         N/A       100%        6
 Enfeeble                 Hex            4%         N/A       100%        7
 Maxwell's Capacitive Co  Air            0%         ∞         100%        8
 Polar Vortex             Ice            0%         N/A       100%        9

Inventory:

Hand Weapons
 a - a +5 scimitar (weapon)
   (You took it off a wight on level 8 of the Dungeon)
 b - a +2 shortbow of electrocution
   (You took it off a centaur warrior on level 13 of the Dungeon)
 d - a +0 dagger of speed
   (You took it off a goblin on level 2 of the Dungeon)
 h - a +2 scimitar of flaming
   (You took it off Erica on level 8 of the Dungeon)
 V - the +6 short sword of Ancient Evil {drain, +Blink rCorr Dex+4}
   (You took it off an orc on level 4 of the Dungeon)

   Dex:       It affects your dexterity (+4).
   +Blink:    It lets you blink.
   rCorr:     It protects you from acid and corrosion.
Missiles
 e - 25 poisoned darts (quivered)
 q - a curare-tipped dart
Armour
 n - a +2 ring mail of positive energy
   (You took it off an orc priest on level 11 of the Dungeon)
 G - a +1 robe of willpower (worn)
   (You found it on level 5 of the Dungeon)
 K - a +0 helmet (worn)
   (You took it off Robin on level 3 of the Dungeon)
 O - a +1 pair of boots of flying (worn)
   (You found it on level 7 of the Dungeon)
 S - a scarf of repulsion (worn)
   (You found it on level 8 of the Dungeon)
 W - the +0 ring mail "Oghovvem" {Rampage rF++ rC+ Stlth-}
   (You took it off an orc on level 4 of the Dungeon)

   rF:        It greatly protects you from fire.
   rC:        It protects you from cold.
   Rampage:   It bestows one free step when moving towards enemies.
   Stlth:     It makes you less stealthy.
Jewellery
 c - a ring of ice
   (You found it on level 6 of the Dungeon)
 l - a ring of protection from fire
   (You found it on level 1 of the Dungeon)
 r - a ring of resist corrosion
   (You found it on level 2 of the Dungeon)
 x - a +6 ring of dexterity (right hand)
   (You found it on level 12 of the Dungeon)
 z - a ring of see invisible (left hand)
   (You found it on level 5 of the Dungeon)
 E - a ring of protection from fire
   (You found it on level 12 of the Dungeon)
 I - an amulet of regeneration (around neck)
   (You found it on level 10 of the Dungeon)
Wands
 p - a wand of flame (4)
   (You found it on level 13 of the Dungeon)
 y - a wand of charming (11)
   (You found it on level 5 of the Dungeon)
 L - a wand of polymorph (4)
   (You found it on level 3 of the Dungeon)
 T - a wand of mindburst (3)
   (You found it on level 8 of the Dungeon)
Scrolls
 g - a scroll of acquirement
 i - 3 scrolls of magic mapping
 k - 6 scrolls of teleportation
 m - 2 scrolls of butterflies
 s - 2 scrolls of poison
 v - 2 scrolls of vulnerability
 B - 3 scrolls of immolation
 F - 2 scrolls of fear
 P - 3 scrolls of blinking
Potions
 o - a potion of resistance {unknown}
 t - 2 potions of lignification {unknown}
 w - a potion of brilliance {unknown}
 A - 2 potions of flight {unknown}
 C - 3 potions of haste
 D - 3 potions of mutation {unknown}
 H - 6 potions of curing
 J - a potion of heal wounds
 R - a potion of might {unknown}
 U - a potion of magic {unknown}
 Y - 2 potions of ambrosia

Dungeon Overview and Level Annotations

Branches:
Dungeon (13/15)            Temple (0/1) D:5            Lair (0/5) D:10
 Bailey (visited)
    Orc: D:9-12      Vaults: D:13-14

Shops:
D:2 !   D:4 :   D:5 *

Annotations:
D:6 dig for gold
D:9 ! 2 headed and tengu warrior

.#.##....................##......
...###......#'##.........##......
....######.#............###......
....# #.#............###......
....# #.#..............'......
....# #.#ooo..........##......
....# #.##'####'#####.##......
'#### ..##o####)# ##.###+#'##
...# #.##.Q.@)o# #.......... ##.#
#.#######)...##.###..... #<#
..)...##....)>## ###
##)...#####.#### ....# ### #
..... # ...... # # #


You could see a tengu warrior (berserk), an orc warrior (fleeing) and an orc
(fleeing).


Message History

There is an open door here.
Your hands tingle!
d - a +0 dagger of speed (weapon)
The cyclops hits you!!
You hit the cyclops but do no damage.
The centaur wields a +0 shortbow.
The centaur shoots an arrow.
The arrow misses you.
a - a +5 scimitar (weapon)
The centaur unwields a +0 shortbow.
The centaur completely misses you. x2
The cyclops misses you. The centaur misses you.
The centaur completely misses you.
You slash the cyclops!
The cyclops is lightly wounded.
The centaur completely misses you. x2
You barely miss the cyclops.
The cyclops is lightly wounded.
The cyclops hits you!! The centaur closely misses you. x2
You slice the cyclops!!
The cyclops is severely wounded.
The centaur barely misses you. x2; The cyclops misses you.
You hit the cyclops but do no damage.
The cyclops is severely wounded.
The centaur completely misses you. x2
You hit the cyclops but do no damage.
The cyclops is severely wounded.
The centaur barely misses you. The centaur completely misses you.
The cyclops barely misses you. The centaur misses you.
The centaur closely misses you.
You slash the cyclops!
The cyclops is almost dead.
The centaur barely misses you. The centaur completely misses you.
You slice the cyclops!!
You kill the cyclops!
The centaur closely misses you. The centaur misses you.
The centaur completely misses you. The centaur misses you.
You slice the centaur!!
You kill the centaur!
You see here a +0 shortbow.
You now have 880 gold pieces (gained 8).
Things that are here:
6 large rocks; a cyclops corpse You reach down and close the door.
You start resting.
HP restored.
You reach down and open the door.
There is an open door, spattered with blood here.
There is an open door here.
Your hands tingle!
d - a +0 dagger of speed (weapon)
You reach down and open the door.
There is an open door here.
You reach down and open the door.
A freezing wraith and a deep elf pyromancer come into view.
The deep elf pyromancer is wielding a +0 heavy long sword.
You reach down and close the door.
You reach down and open the door.
A five-headed hydra comes into view.
There is an open door here.
a - a +5 scimitar (weapon)
b - a +0 arbalest (weapon)
You shoot a bolt. The bolt hits the five-headed hydra!!
The five-headed hydra roars!
The five-headed hydra is moderately wounded.
You shoot a bolt.
The bolt barely misses the five-headed hydra.
Your +2 scimitar of flaming bursts into flame!
h - a +2 scimitar of flaming (weapon)
You lop one of the five-headed hydra's heads off!
The flame cauterises the wound!
You slash the four-headed hydra! You burn the four-headed hydra.
The four-headed hydra is heavily wounded.
The four-headed hydra completely misses you. x3
The four-headed hydra bites you!
You slice one of the four-headed hydra's heads off!
The flame cauterises the wound!
You slash the three-headed hydra! You burn the three-headed hydra.
The three-headed hydra is severely wounded.
The three-headed hydra closely misses you.
The three-headed hydra barely misses you.
The three-headed hydra completely misses you.
You lop one of the three-headed hydra's heads off!
The flame cauterises the wound!
You slice the two-headed hydra!! You burn the two-headed hydra.
The two-headed hydra is almost dead.
You hit the two-headed hydra. You burn the two-headed hydra.
The two-headed hydra is almost dead.
The two-headed hydra bites you!
The two-headed hydra completely misses you.
You lop one of the two-headed hydra's heads off!
The flame cauterises the wound!
You slice the one-headed hydra!! You burn the one-headed hydra.
You kill the one-headed hydra!
You reach down and close the door.
You start resting.
HP restored.
You reach down and open the door.
Your +2 scimitar of flaming stops flaming.
a - a +5 scimitar (weapon)
There is an open door here.
You reach down and open the door.
A centaur warrior comes into view.
Found 20 gold pieces.
There is an open door here.
Your hands tingle!
d - a +0 dagger of speed (weapon)
The helpless centaur warrior fails to defend itself.
You perforate the centaur warrior like a sieve!!!!
You kill the centaur warrior!
Your Long Blades skill increases to level 12!
Things that are here:
a +0 shortbow; a centaur corpse You now have 900 gold pieces (gained 20).
Things that are here:
a +0 shortbow; a centaur corpse
a - a +5 scimitar (weapon)
Setting a skill training target for Long Blades at 14.0.
There is an open door here.
There is an open door here.
Your hands tingle!
d - a +0 dagger of speed (weapon)
You reach down and open the door.
The slime creature quivers.
The deep elf pyromancer shouts!
The centaur warrior shouts!
The centaur warrior completely misses you.
The centaur warrior barely misses you.
There is an open door here.
a - a +5 scimitar (weapon)
The centaur warrior closely misses you.
The centaur warrior kicks you but does no damage.
The centaur warrior hits you! The centaur warrior misses you.
You completely miss the centaur warrior.
The centaur warrior hits you.
The centaur warrior kicks you but does no damage.
You hit the centaur warrior.
The centaur warrior is lightly wounded.
The centaur warrior closely misses you.
The centaur warrior completely misses you.
You slash the centaur warrior!
The centaur warrior is moderately wounded.
The centaur warrior barely misses you. The centaur warrior misses you.
You barely miss the centaur warrior.
The centaur warrior is lightly wounded.
The centaur warrior hits you. The centaur warrior closely misses you.
The centaur warrior hits you.
The centaur warrior kicks you but does no damage.
You slash the centaur warrior!
The centaur warrior is moderately wounded.
The centaur warrior misses you. x2
You slash the centaur warrior!
The centaur warrior is heavily wounded.
The centaur warrior misses you. x2
You slice the centaur warrior!!
The centaur warrior is severely wounded.
The centaur warrior completely misses you.
The centaur warrior misses you.
You hit the centaur warrior.
The centaur warrior is almost dead.
The centaur warrior hits you! The centaur warrior kicks you.
You hit the centaur warrior but do no damage.
The centaur warrior is almost dead.
The centaur warrior barely misses you.
The centaur warrior kicks you but does no damage.
The centaur warrior closely misses you.
The centaur warrior completely misses you.
You hit the centaur warrior.
The centaur warrior is almost dead.
The centaur warrior completely misses you. x2
You slice the centaur warrior!!
You kill the centaur warrior!
You barely miss the centaur warrior simulacrum.
The centaur warrior simulacrum completely misses you. x2
You hit the centaur warrior simulacrum.
The centaur warrior simulacrum is lightly damaged.
You slice the slime creature!!
The slime creature is moderately wounded.
You slash the slime creature!
The slime creature is heavily wounded.
The slime creature hits you.
You slash the slime creature!
The slime creature is severely wounded.
The slime creature hits you!
You slice the slime creature!!
You kill the slime creature!
You hit the centaur warrior simulacrum.
The centaur warrior simulacrum is moderately damaged.
The centaur warrior simulacrum barely misses you.
The centaur warrior simulacrum completely misses you.
You slash the centaur warrior simulacrum!
The centaur warrior simulacrum is severely damaged.
The centaur warrior simulacrum completely misses you.
The centaur warrior simulacrum kicks you but does no damage.
You barely miss the centaur warrior simulacrum.
The centaur warrior simulacrum is severely damaged.
The centaur warrior simulacrum misses you. x2
You slash the centaur warrior simulacrum!
The centaur warrior simulacrum is almost destroyed.
The centaur warrior simulacrum completely misses you.
The centaur warrior simulacrum closely misses you.
You barely miss the centaur warrior simulacrum.
The centaur warrior simulacrum is almost destroyed.
The centaur warrior simulacrum misses you.
The centaur warrior simulacrum closely misses you.
You hit the centaur warrior simulacrum.
The centaur warrior simulacrum vaporises!
You reach down and close the door, pushing everything out of the way.
You see here a +2 longbow of flaming.
You start resting.
HP restored.
You reach down and open the door.
There is an open door here.
You see here a +2 longbow of flaming.
N - a +2 longbow of flaming
There is an open door here.
C - 3 potions of haste (gained 1) You're wearing all the rings you can.
Remove which one? (? for menu, Esc to cancel) < or
z - a ring of see invisible; > or
x - a +6 ring of dexterity You remove your ring of see invisible.
l - a ring of protection from fire (left hand)
You reach down and open the door.
There is an open door here.
You reach down and open the door.
You hit the freezing wraith but do no damage.
The freezing wraith misses you. The freezing wraith barely misses you.
You slash the freezing wraith!
The freezing wraith is moderately damaged.
The freezing wraith completely misses you.
The freezing wraith barely misses you.
You hit the freezing wraith but do no damage.
The freezing wraith is moderately damaged.
You hit the freezing wraith but do no damage.
The freezing wraith is moderately damaged.
The freezing wraith hits you! The freezing wraith freezes you!
The freezing wraith hits you! The freezing wraith drains your vigour!
You feel yourself slow down.
You hit the freezing wraith but do no damage.
The freezing wraith is moderately damaged.
The freezing wraith misses you.
The freezing wraith completely misses you.
You hit the freezing wraith but do no damage.
The freezing wraith is moderately damaged.
The freezing wraith misses you. x2
You hit the freezing wraith.
The freezing wraith is moderately damaged.
The freezing wraith completely misses you. x4
You hit the freezing wraith.
The freezing wraith is heavily damaged.
The freezing wraith barely misses you.
The freezing wraith completely misses you.
You slice the freezing wraith!!
The freezing wraith is almost destroyed.
The freezing wraith barely misses you. The freezing wraith closely misses you.
You slash the freezing wraith!
You destroy the freezing wraith!
You start resting.
You feel yourself speed up.
You start resting.
A deep elf pyromancer is nearby!
The deep elf pyromancer shouts!
You hit the deep elf pyromancer.
The deep elf pyromancer is lightly wounded.
The deep elf pyromancer hits you with a +0 heavy long sword!
You hit the deep elf pyromancer.
The deep elf pyromancer is lightly wounded.
You barely miss the deep elf pyromancer.
The deep elf pyromancer is lightly wounded.
The deep elf pyromancer hits you with a +0 heavy long sword!
You hit the deep elf pyromancer.
The deep elf pyromancer is moderately wounded.
You slash the deep elf pyromancer!
The deep elf pyromancer is heavily wounded.
The deep elf pyromancer misses you.
You slice the deep elf pyromancer!!
You kill the deep elf pyromancer!
You see here a +0 heavy long sword.
You start resting.
HP restored.
There is an open door here.
There is an open door here.
You see here a +0 heavy long sword.
There is an open door here.
Found a bubbling brown potion.
A slime creature comes into view.
b - a +0 arbalest (weapon)
A slime creature comes into view.
The slime creature quivers.
A slime creature comes into view. x2
You shoot a bolt. The bolt hits the slime creature!!
The slime creature is moderately wounded.
You shoot a bolt. The bolt hits the slime creature.
The slime creature is moderately wounded.
You shoot a bolt.
The bolt completely misses the slime creature.
a - a +5 scimitar (weapon)
You slash the slime creature!
The slime creature is heavily wounded.
The slime creature completely misses you.
You slice the slime creature!!
The slime creature is severely wounded.
The slime creature hits you!
You slash the slime creature!
The slime creature is almost dead.
The slime creature completely misses you.
You completely miss the slime creature.
The slime creature is almost dead.
The slime creature misses you.
You slash the slime creature!
You kill the slime creature!
You start resting.
HP restored.
b - a +0 arbalest (weapon)
You shoot a bolt. The slime creature quivers.
The bolt hits the slime creature but does no damage.
You shoot a bolt.
The bolt barely misses the slime creature.
You shoot a bolt. The bolt hits the slime creature!!
The slime creature is moderately wounded.
a - a +5 scimitar (weapon)
The slime creature closely misses you.
You slash the slime creature!
The slime creature is heavily wounded.
The slime creature hits you!
You hit the slime creature.
The slime creature is severely wounded.
You slice the slime creature!!
You kill the slime creature!
You start resting.
HP restored.
b - a +0 arbalest (weapon)
You shoot a bolt. The slime creature quivers.
The bolt hits the slime creature!!
The slime creature is heavily wounded.
The slime creature quivers.
You shoot a bolt. The bolt hits the slime creature!!
The slime creature is almost dead.
You shoot a bolt.
The bolt barely misses the slime creature.
The slime creature completely misses you.
You shoot a bolt. The bolt hits the slime creature!
You kill the slime creature!
You shoot a bolt. The slime creature quivers.
The bolt hits the slime creature!
The slime creature is moderately wounded.
The slime creature barely misses you. The slime creature closely misses you.
You shoot a bolt. The bolt hits the slime creature!!
The slime creature is severely wounded.
The slime creature hits you! The slime creature closely misses you.
You shoot a bolt. The bolt hits the slime creature!!
You kill the slime creature!
a - a +5 scimitar (weapon)
The slime creature completely misses you.
You slice the slime creature!!
The slime creature is moderately wounded.
The slime creature misses you.
You barely miss the slime creature. You punch the slime creature.
The slime creature is moderately wounded.
You hit the slime creature.
The slime creature is heavily wounded.
The slime creature completely misses you.
You slice the slime creature!!
The slime creature is almost dead.
The slime creature completely misses you.
You hit the slime creature. You punch the slime creature.
The slime creature is almost dead.
The slime creature completely misses you.
You hit the slime creature.
The slime creature is almost dead.
The slime creature misses you.
You slice the slime creature!!
You kill the slime creature!
b - a +0 arbalest (weapon)
You start resting.
HP restored.
Found a stone staircase leading down.
Found 16 gold pieces.
a - a +5 scimitar (weapon)
Found a robe.
The centaur warrior barely misses you.
The centaur warrior completely misses you.
The centaur warrior hits you.
The centaur warrior kicks you but does no damage.
You slice the centaur warrior!!
The centaur warrior is moderately wounded.
The centaur warrior hits you. The centaur warrior closely misses you.
You hit the centaur warrior.
The centaur warrior is heavily wounded.
The centaur warrior hits you!
The centaur warrior kicks you but does no damage.
You slash the centaur warrior!
The centaur warrior is severely wounded.
The centaur warrior completely misses you.
The centaur warrior closely misses you.
You slash the centaur warrior!
The centaur warrior is severely wounded.
The centaur warrior closely misses you.
The centaur warrior kicks you but does no damage.
The centaur warrior completely misses you. x2
You slash the centaur warrior!
The centaur warrior is almost dead.
The centaur warrior completely misses you.
The centaur warrior kicks you but does no damage.
You barely miss the centaur warrior.
The centaur warrior is almost dead.
The centaur warrior hits you. The centaur warrior barely misses you.
You closely miss the centaur warrior.
The centaur warrior is almost dead.
The centaur warrior hits you! The centaur warrior misses you.
You slash the centaur warrior!
You kill the centaur warrior!
Things that are here:
a +2 shortbow of electrocution; a +0 robe
Q - a +2 shortbow of electrocution You start resting.
HP restored.
R - a bubbling brown potion Adjust to which letter? (? for menu, Esc to quit)
b - a +2 shortbow of electrocution;
Q - a +0 arbalest You now have 916 gold pieces (gained 16).
Found a battleaxe.
X - a +6 ring of intelligence You see here a +0 robe.
There is an open door here.
An acid dragon comes into view.
The acid dragon roars!
You start waiting.
An acid dragon is nearby!
You slash the acid dragon!
The acid dragon is heavily wounded.
You slash the acid dragon!
The acid dragon is almost dead.
The acid dragon completely misses you. The acid dragon closely misses you.
You slice the acid dragon!!
You kill the acid dragon!
You see here an acid dragon corpse.
Found a stone staircase leading up.
Found a stone staircase leading down.
A boulder beetle comes into view.
A tengu warrior comes into view. It is wielding a +0 great sword.
The boulder beetle leaps!
You start waiting.
A boulder beetle is nearby!
Throw: 25 darts (poison)
Press: ? - help, Q - select action, (/) - cycle Shift-Dir - straight line, f - boulder beetle
Aim: a boulder beetle (92% to hit)
You throw a poisoned dart.
The poisoned dart hits the boulder beetle.
The boulder beetle is poisoned.
The boulder beetle curls into a ball and begins rolling!
Throw: 24 darts (poison)
Press: ? - help, Q - select action, (/) - cycle Shift-Dir - straight line, f/p - boulder beetle
Aim: a boulder beetle (lightly wounded, rolling, poisoned, 92% to hit)
You throw a poisoned dart.
The poisoned dart hits the boulder beetle.
The boulder beetle looks even sicker.
The boulder beetle is lightly wounded.
Throw: 23 darts (poison)
Press: ? - help, Q - select action, (/) - cycle Shift-Dir - straight line, f/p - boulder beetle
Aim: a boulder beetle (lightly wounded, rolling, very poisoned, 92% to hit)
You throw a poisoned dart.
The poisoned dart hits the boulder beetle.
The boulder beetle is lightly wounded.
Throw: 22 darts (poison)
Press: ? - help, Q - select action, (/) - cycle Shift-Dir - straight line, f/p - boulder beetle
Aim: a boulder beetle (lightly wounded, rolling, very poisoned, 92% to hit)
You throw a poisoned dart.
The poisoned dart hits the boulder beetle.
The boulder beetle looks even sicker.
The boulder beetle is lightly wounded.
Throw: 21 darts (poison)
Press: ? - help, Q - select action, (/) - cycle Shift-Dir - straight line, f/p - boulder beetle
Aim: a boulder beetle (lightly wounded, rolling, very poisoned, 92% to hit)
You throw a poisoned dart.
The poisoned dart hits the boulder beetle.
The boulder beetle looks as sick as possible!
The boulder beetle is lightly wounded.
The boulder beetle hits you!!
The boulder beetle stops rolling and uncurls.
You hit the boulder beetle but do no damage.
The boulder beetle is moderately wounded.
The boulder beetle completely misses you.
You slice the boulder beetle!!
The boulder beetle is heavily wounded.
You hit the boulder beetle but do no damage.
The boulder beetle is heavily wounded.
The boulder beetle completely misses you.
You slash the boulder beetle!
The boulder beetle is severely wounded.
The boulder beetle misses you.
You hit the boulder beetle but do no damage.
The boulder beetle is severely wounded.
The boulder beetle bites you.
You hit the boulder beetle but do no damage.
The boulder beetle is almost dead.
The boulder beetle completely misses you.
You hit the boulder beetle but do no damage.
The boulder beetle is almost dead.
You hit the boulder beetle but do no damage.
The boulder beetle is almost dead.
You kill the boulder beetle!
You start resting.
HP restored.
e - 21 poisoned darts (gained 1)
e - 22 poisoned darts (gained 1)
e - 23 poisoned darts (gained 1)
e - 25 poisoned darts (gained 2)
A centaur comes into view.
The centaur shouts!
You hear a shout!
The centaur wields a +0 shortbow.
The centaur shoots an arrow.
The arrow barely misses you.
You hear a shout!
You hear a shout!
A centaur comes into view.
The centaur wields a +0 shortbow.
The centaur shoots an arrow.
The arrow completely misses you.
A centaur comes into view.
The centaur unwields a +0 shortbow.
The centaur hits you but does no damage.
The centaur completely misses you.
A centaur comes into view.
The centaur moves out of view.
You slash the centaur!
The centaur is severely wounded.
The centaur completely misses you. x3; The centaur kicks you.
You slash the centaur!
You kill the centaur!
The centaur wields a +0 shortbow.
The centaur shoots an arrow.
The arrow closely misses you.
The centaur misses you. x2; The centaur shoots an arrow.
The arrow misses you.
You see here a +0 shortbow.
You slash the centaur!
The centaur is heavily wounded.
The centaur unwields a +0 shortbow.
The centaur misses you. x2
The centaur completely misses you. x2
You slash the centaur!
The centaur is heavily wounded.
The centaur hits you. The centaur kicks you.
The centaur completely misses you. x2
A centaur warrior comes into view.
The centaur completely misses you.
The centaur kicks you but does no damage.
You slash the centaur!
The centaur is severely wounded.
The centaur hits you. The centaur completely misses you.
The centaur unwields a +0 shortbow.
The centaur hits you.
The centaur misses you. x2; The centaur completely misses you. x2
The centaur barely misses you.
You slash the centaur!
You kill the centaur!
The centaur completely misses you. The centaur closely misses you.
You barely miss the centaur.
The centaur is heavily wounded.
The centaur hits you. The centaur completely misses you.
The centaur warrior barely misses you.
The centaur warrior completely misses you.
The centaur completely misses you. x2
You barely miss the centaur warrior. The centaur barely misses you.
The centaur misses you. The centaur warrior hits you.
The centaur warrior barely misses you. The centaur completely misses you. x3
The centaur misses you.
You slash the centaur warrior!
The centaur warrior is lightly wounded.
The centaur warrior hits you! The centaur warrior kicks you.
The centaur hits you. The centaur completely misses you. The centaur hits you.
The centaur completely misses you. The centaur warrior hits you.
The centaur warrior completely misses you.
You slash the centaur warrior!
The centaur warrior is moderately wounded.
The centaur misses you. The centaur closely misses you.
The centaur hits you but does no damage.
The centaur completely misses you. The centaur warrior hits you.
The centaur warrior misses you.
You hit the centaur warrior.
The centaur warrior is moderately wounded.
The centaur hits you but does no damage.
The centaur completely misses you. The centaur misses you.
The centaur kicks you but does no damage.
The centaur warrior misses you.
The centaur warrior completely misses you.
The centaur hits you.
The centaur kicks you but does no damage.
You slice the centaur warrior!!
The centaur warrior is severely wounded.
The centaur warrior hits you.
The centaur warrior completely misses you.
The centaur closely misses you.
The centaur kicks you but does no damage.
The centaur hits you. The centaur completely misses you.
You slash the centaur warrior!
The centaur warrior is almost dead.
The centaur warrior completely misses you. x2
The centaur completely misses you. The centaur closely misses you.
The centaur completely misses you. x2
You slash the centaur warrior!
You kill the centaur warrior!
The centaur completely misses you. x3; The centaur barely misses you.
You slice the centaur!!
You kill the centaur!
The centaur hits you. The centaur misses you. The centaur closely misses you.
The centaur completely misses you.
You slash the centaur!
The centaur is severely wounded.
The centaur completely misses you. x2
You slice the centaur!!
You kill the centaur!
Things that are here:
a +0 shortbow; a centaur corpse You start resting.
HP restored.
Things that are here:
a +0 shortbow; a centaur corpse You see here a +0 shortbow.
You see here a +0 shortbow.
Things that are here:
a +0 shortbow; a centaur corpse You see here a +0 shortbow.
Things that are here:
a +0 shortbow; a centaur corpse Your hands tingle!
d - a +0 dagger of speed (weapon)
The tengu warrior shouts!
The tengu warrior unwields a +0 great sword.
The tengu warrior wields a +0 arbalest.
The tengu warrior shoots a bolt.
The bolt misses you.
a - a +5 scimitar (weapon)
The tengu warrior shoots a bolt.
The bolt closely misses you.
The tengu warrior shoots a bolt.
The bolt completely misses you.
A boulder beetle comes into view.
The tengu warrior shoots a bolt.
The bolt completely misses you.
The tengu warrior shoots a bolt.
The bolt misses you.
The tengu warrior shoots a bolt.
The bolt completely misses you.
The tengu warrior shoots a bolt.
The bolt is repelled.
There is a stone staircase leading down here.
The tengu warrior shoots a bolt.
The bolt completely misses you.
The boulder beetle attacks as you move away!
The boulder beetle closely misses you.
The boulder beetle curls into a ball and begins rolling!
The tengu warrior shoots a bolt.
The bolt misses you.
There is a stone staircase leading up here.
The boulder beetle barely misses you.
The boulder beetle stops rolling and uncurls.
You fly upwards.
There is a stone staircase leading down here.
You slice the boulder beetle!!
The boulder beetle is moderately wounded.
The boulder beetle completely misses you.
You barely miss the boulder beetle.
The boulder beetle is moderately wounded.
The boulder beetle leaps!
Throw: 25 darts (poison)
Press: ? - help, Q - select action, (/) - cycle Shift-Dir - straight line, f - boulder beetle
Aim: a boulder beetle (moderately wounded, 92% to hit)
You throw a poisoned dart.
The poisoned dart hits the boulder beetle.
The boulder beetle is poisoned.
The boulder beetle is moderately wounded.
Throw: 24 darts (poison)
Press: ? - help, Q - select action, (/) - cycle Shift-Dir - straight line, f/p - boulder beetle
Aim: a boulder beetle (moderately wounded, poisoned, 92% to hit)
Okay, then.
You hit the boulder beetle but do no damage.
The boulder beetle is moderately wounded.
You slash the boulder beetle!
The boulder beetle is heavily wounded.
The boulder beetle barely misses you.
You hit the boulder beetle but do no damage.
The boulder beetle is heavily wounded.
The boulder beetle completely misses you.
You hit the boulder beetle but do no damage.
The boulder beetle is heavily wounded.
The boulder beetle completely misses you.
You hit the boulder beetle but do no damage.
The boulder beetle is heavily wounded.
You hit the boulder beetle.
The boulder beetle is severely wounded.
The boulder beetle barely misses you.
You slice the boulder beetle!!
The boulder beetle is almost dead.
The boulder beetle bites you!
You slash the boulder beetle!
You kill the boulder beetle!
You see here a boulder beetle corpse.
e - 25 poisoned darts (gained 1)
You start resting.
HP restored.
There is a stone staircase leading down, spattered with blood here.
Done exploring.
You see here a +0 rapier.
There is a stone staircase leading down, spattered with blood here.
You fly downwards.
The tengu warrior shoots a bolt.
The bolt barely misses you.
The tengu warrior shoots a bolt.
The bolt misses you.
There is a stone staircase leading up here.
The tengu warrior shoots a bolt.
The bolt completely misses you.
The tengu warrior shoots a bolt.
The bolt hits you!
The tengu warrior unwields a +0 arbalest.
The tengu warrior wields a +0 great sword.
The tengu warrior hits you with a +0 great sword!
The tengu warrior barely misses you. The tengu warrior misses you.
You hit the tengu warrior.
The tengu warrior is lightly wounded.
You barely miss the tengu warrior.
The tengu warrior is lightly wounded.
The tengu warrior misses you. x2
The tengu warrior completely misses you.
You closely miss the tengu warrior.
The tengu warrior is lightly wounded.
The tengu warrior barely misses you.
The tengu warrior completely misses you.
The tengu warrior closely misses you.
You closely miss the tengu warrior.
You punch the tengu warrior, but do no damage.
The tengu warrior is lightly wounded.
The tengu warrior barely misses you. The tengu warrior pecks you.
The tengu warrior completely misses you.
You miss the tengu warrior.
The tengu warrior is lightly wounded.
You barely miss the tengu warrior.
The tengu warrior is lightly wounded.
The tengu warrior hits you with a +0 great sword!
The tengu warrior closely misses you. The tengu warrior claws you.
You hit the tengu warrior.
The tengu warrior is lightly wounded.
The tengu warrior misses you.
The tengu warrior completely misses you.
The tengu warrior barely misses you.
You slice the tengu warrior!!
The tengu warrior is heavily wounded.
You hit the tengu warrior.
The tengu warrior is heavily wounded.
The tengu warrior barely misses you.
The tengu warrior completely misses you. x2
You hit the tengu warrior but do no damage.
The tengu warrior is heavily wounded.
The tengu warrior misses you. The tengu warrior pecks you.
The tengu warrior claws you.
You slice the tengu warrior!!
The tengu warrior is almost dead.
The tengu warrior hits you but does no damage.
The tengu warrior barely misses you.
The tengu warrior claws you but does no damage.
You slice the tengu warrior!!
You kill the tengu warrior!
Your Dodging skill increases to level 13!
Items here: )) [ †.
Okay, then.
Search for what [Enter for "robe", or ? for help]?
Okay, then.
Unknown command.
Unknown command.
Unknown command.
Search for what [Enter for "robe", or ? for help]? lair
There is a stone staircase leading up here.
You fly upwards.
There is a stone staircase leading down, spattered with blood here.
There is a stone staircase leading up, spattered with blood here.
You fly upwards.
There is a stone staircase leading down here.
HP restored.
You see here the +4 ring mail "Ackuew" {rPois rC- Stlth+}.
There is a stone staircase leading up here.
You fly upwards.
There is a stone staircase leading down, spattered with blood here.
There is an open door, spattered with blood here.
Things that are here:
a +0 chain mail; a +0 war axe
There is a staircase to the Lair here.
Items here: ! ))) ?? [[.
You drop a +2 longbow of flaming.
You drop a +0 arbalest.
You drop 3 scrolls of enchant weapon.
You drop a +0 long sword of holy wrath.
You drop a +6 ring of intelligence.
As you read the scroll of identify, it crumbles to dust.
f - 3 scrolls of amnesia
As you read the scroll of identify, it crumbles to dust.
P - 3 scrolls of blinking
Items here: ! )))))) = ?? [[.
You drop 3 scrolls of amnesia.
Unknown command.
As you read the scroll labelled MAKERE JOESEAPT, it crumbles to dust.
You feel momentarily disoriented.
It was a scroll of magic mapping.
As you read the scroll labelled URCHUO TENN, it crumbles to dust.
The air around you briefly surges with heat, but it dissipates.
It was a scroll of immolation.
As you read the scroll labelled WUOXOIT IKOU, it crumbles to dust.
You assume a fearsome visage.
Nothing appears to happen.
It was a scroll of fear.
Search for what [Enter for "lair", or ? for help]? potion Unknown command.
Unknown command.
(D) Dungeon (T) Temple (L) Lair
Where to? (Enter - D:10 @ (x,y), ? - help)
What level of the Dungeon? (default 1, ? - help)
There is an open door, spattered with blood here.
Things that are here:
a +0 chain mail; a +0 war axe
There is a stone staircase leading up here.
Warning, next level annotated: ! 2 headed and tengu warrior Enter next level anyway?
You fly upwards.
There is a stone staircase leading down, spattered with blood here.
You hear the crackle of electricity.
b - a +2 shortbow of electrocution (weapon)
Found an escape hatch in the floor.
A shadow comes into view.
You shoot an arrow. The arrow closely misses the shadow.
You hear a howl!
The howler monkey hoots and howls with incredible vigour!
The shadow slips into darkness.
The shadow flickers and vanishes!
Deactivating autopickup; reactivate with Ctrl-A.
You're wearing all the rings you can.
Remove which one? (? for menu, Esc to cancel) < or
l - a ring of protection from fire; > or
x - a +6 ring of dexterity You remove your ring of protection from fire.
Reactivating autopickup.
z - a ring of see invisible (left hand)
You shoot an arrow. The arrow hits the howler monkey.
The howler monkey is moderately wounded.
Your +2 shortbow of electrocution stops crackling.
a - a +5 scimitar (weapon)
You slice the shadow!!
You destroy the shadow!
The howler monkey completely misses you.
You barely miss the howler monkey.
The howler monkey is moderately wounded.
The howler monkey closely misses you.
You closely miss the howler monkey.
The howler monkey is moderately wounded.
The howler monkey barely misses you.
You hit the howler monkey but do no damage.
The howler monkey is moderately wounded.
The howler monkey completely misses you.
A gnoll sergeant comes into view. It is wielding a +0 trident.
You closely miss the howler monkey.
The howler monkey is moderately wounded.
The howler monkey closely misses you.
The gnoll sergeant shouts!
You slice the howler monkey!!
You kill the howler monkey!
The gnoll sergeant barely misses you.
The gnoll sergeant completely misses you.
You slash the gnoll sergeant!
The gnoll sergeant is heavily wounded.
The gnoll sergeant completely misses you.
You barely miss the gnoll sergeant.
The gnoll sergeant is heavily wounded.
The gnoll sergeant hits you with a +0 trident.
You hit the gnoll sergeant.
The gnoll sergeant is severely wounded.
The gnoll sergeant hits you with a +0 trident.
You slice the gnoll sergeant!!
You kill the gnoll sergeant!
Things that are here:
a +0 trident; a +0 ring mail; a gnoll corpse You hear the crackle of electricity.
b - a +2 shortbow of electrocution (weapon)
You shoot an arrow. The arrow hits the goblin!
You kill the goblin!
You see here a +0 hand axe.
You now have 925 gold pieces (gained 9).
You now have 937 gold pieces (gained 12).
There is an open door here.
You reach down and open the door.
An orc comes into view. It is wielding a +0 morningstar.
The orc shouts!
You hear a shout! x2
An orc comes into view. It is wielding a +0 club.
An orc comes into view. It is wielding a +0 hand axe.
The orc moves out of view.
The orc shouts!
You hear a shout!
An orc wizard comes into view. It is wielding a +0 dagger.
There is an open door here.
You shoot an arrow. The arrow closely misses the orc.
The orc shouts!
The orc wizard shouts!
The arrow hits the orc.
The orc is heavily wounded.
You shoot an arrow. The arrow hits the orc!
You kill the orc!
You hear a shout! x5
You shoot an arrow. The arrow hits the orc wizard.
Lightning courses through the orc wizard!
You kill the orc wizard!
An orc comes into view. It is wielding a +0 dagger of venom.
The orc curses repeatedly.
You shoot an arrow. The arrow hits the orc!
You kill the orc!
You hear a shout! x2
You shoot an arrow. The arrow barely misses the orc.
An orc priest comes into view. It is wielding a +0 hand axe.
You shoot an arrow. The arrow hits the orc!
You kill the orc!
An orc comes into view. It is wielding a +0 mace.
The orc priest calls down the wrath of Beogh upon you.
Beogh smites you!
Your +2 shortbow of electrocution stops crackling.
a - a +5 scimitar (weapon)
2 orcs come into view.
The orc completely misses you.
An orc comes into view. It is wielding a +0 trident.
An orc comes into view. It is wielding a +0 club.
Things that are here:
a +0 hand axe; a +0 ring mail; an orc corpse You barely miss the orc.
The orc misses you.
You slash the orc!
You kill the orc!
The orc closely misses you.
An orc comes into view. It is wielding a +0 hand axe.
You hit the orc priest.
The orc priest is moderately wounded.
The orc closely misses you.
An orc comes into view. It is wielding a +0 whip.
The orc priest completely misses you.
You slash the orc priest!
The orc priest is almost dead.
The orc misses you.
The orc priest calls down the wrath of Beogh upon you.
You resist with almost no effort.
You slash the orc priest!
You kill the orc priest!
The orc attacks as you move away! The orc misses you.
There is an open door here.
You slice the orc!!
You kill the orc!
You slice the orc!!
You kill the orc!
You completely miss the orc. The orc barely misses you.
The orc completely misses you.
You hit the orc.
The orc is heavily wounded.
The orc closely misses you. The orc misses you.
You hit the orc.
The orc is severely wounded.
The tengu warrior shouts!
You slash the orc!
You kill the orc!
The orc completely misses you.
You closely miss the orc. The orc completely misses you. x2
You barely miss the orc. The orc completely misses you. x2
The orc attacks as you move away! The orc completely misses you.
The orc attacks as you move away! The orc hits you but does no damage.
The orc closely misses you.
There is an open door here.
The orc completely misses you.
There is an open door here.
You slash the tengu warrior!
The tengu warrior is lightly wounded.
The tengu warrior drinks a potion.
The tengu warrior goes berserk!
The orc completely misses you.
You slash the tengu warrior!
The tengu warrior is moderately wounded.
The tengu warrior hits you with a +0 glaive!!
The tengu warrior barely misses you. The tengu warrior claws you.
You barely miss the tengu warrior.
The tengu warrior is moderately wounded.
The tengu warrior misses you.
The tengu warrior completely misses you.
The tengu warrior claws you! The orc completely misses you.
The orc closely misses you.
You slash the tengu warrior!
The tengu warrior is heavily wounded.
The tengu warrior barely misses you. The tengu warrior closely misses you.
The tengu warrior barely misses you. The orc completely misses you. x2
The tengu warrior misses you.
The tengu warrior pecks you but does no damage.
The tengu warrior claws you!
You miss the tengu warrior.
The tengu warrior is heavily wounded.
The tengu warrior closely misses you.
The tengu warrior completely misses you.
The tengu warrior claws you. The orc completely misses you. x2
You closely miss the tengu warrior.
The tengu warrior is heavily wounded.
The tengu warrior misses you.
The tengu warrior pecks you but does no damage.
The tengu warrior claws you!
You slice the tengu warrior!! You punch the tengu warrior.
The tengu warrior is severely wounded.
The orc completely misses you. x2; The orc closely misses you.
The tengu warrior completely misses you.
The tengu warrior pecks you. The tengu warrior barely misses you.
The orc attacks as you move away! The orc closely misses you.
The tengu warrior hits you from afar with a +0 glaive.
An orc warrior comes into view. It is wielding a +0 war axe.
The tengu warrior hits you from afar with a +0 glaive!
* * * LOW HITPOINT WARNING * * *
The orc warrior shouts!
Blink to where?
Press: ? - help, Dir - move target, f - you
Okay, then.
Unknown command.
You hear a shout!
Okay, then.
Unknown command.
Press: ? - help, v - describe, . - travel
Here: a tengu warrior, wielding a +0 glaive and wearing a +0 ring mail (severely wounded, berserk)
The floor.
As you read the scroll of fear, it crumbles to dust.
You assume a fearsome visage.
The tengu warrior is unaffected.
The orc warrior looks frightened!
The orc looks frightened!
The tengu warrior hits you from afar with a +0 glaive!!
You die...

Skill      XL: |  1  2  3  4  5  6  7  8  9 10 11 12 |
---------------+-------------------------------------+-----
Fighting       | 1 2 3 4 5 6 7 8 |  8.0
Dodging        | 2 3 4 5 6 8 9 11 13 | 13.0
Stealth        | 1 2 3 4 6 7 8 |  8.0
Long Blades    | 1 2 3 4 6 7 9 10 12 | 12.6
Ranged Weapons | |  1.7
Spellcasting   | |  1.0
Hexes          | |  2.6

Action                     |  1- 3 |  4- 6 |  7- 9 | 10-12 || total
---------------------------+-------+-------+-------+-------++-------
  Melee: Dagger            |    36 |   210 |   221 |     9 ||   476
         Falchion          |       |    23 |    20 |       ||    43
         Punch             |       |     1 |     4 |     9 ||    14
         Scimitar          |       |       |    60 |   529 ||   589
         Short sword       |       |       |     6 |    61 ||    67
   Fire: Sling             |   103 |    61 |    70 |       ||   234
         Shortbow          |       |       |    50 |   350 ||   400
         Arbalest          |       |       |       |    98 ||    98
  Throw: Dart              |       |       |     9 |    21 ||    30
  Evoke: Wand              |       |       |     5 |     4 ||     9
    Use: Potion            |     1 |     5 |     1 |     2 ||     9
         Scroll            |       |     4 |     6 |    10 ||    20
   Stab: Sleeping          |       |     3 |     8 |     5 ||    16
         Distracted        |       |       |       |     1 ||     1
 Armour: Robe              |    11 |    18 |    41 |    77 ||   147
  Dodge: Dodged            |    46 |   122 |   214 |   739 ||  1121
         Repelled          |       |       |     1 |     2 ||     3

Levels and vault maps discovered:
D:1:      nagdon_arrival_zigzag_paths, layout_loops_corners,
          minmay_misc_feat_enclosed, minmay_crystal_water
D:2:      layout_loops_ring, shapermc_ecumenical_altar_flowoftime, serial_shops,
          shop
D:3:      layout_basic, uniq_jessica, uniq_sigmund, uniq_robin, uniq_grinder
D:4:      layout_loops_corners, general_overflow_altar, serial_rivers,
          chequers_serial_rivers_room_b, chequers_serial_rivers_room_b,
          chequers_serial_rivers_room_a, chequers_serial_rivers_micro_c,
          chequers_serial_rivers_micro_e, chequers_serial_rivers_small_b,
          biasface_ghost_orc_armoury, nicolae_shop_vocational
D:5:      layout_cave_pods, nicolae_overflow_quartered_altars,
          minmay_temple_entry_grid, nicolae_shop_clearance
D:6:      layout_basic, minmay_strange_pillars, nicolae_shop_i_like_big_books,
          item_on_display_a, uniq_duvessa, uniq_crazy_yiuf_cottage
D:7:      layout_loops_ring, hangedman_minor_gate_pass
D:8:      layout_basic, nicolae_overflow_two_pavilions, uniq_erica
D:9:      minmay_chopped_fan, layout_basic, hiddenorc1_lemuel, enter_bailey_3
D:10:     layout_long_grid, lightli_temple_of_fire,
          grunt_lair_entry_orc_guard_hut
D:11:     layout_rooms, dreamdust_princess_corridor, uniq_amaemon
D:12:     layout_stronghold, serial_bayou, serial_bayou_pond_b,
          serial_bayou_crossing, serial_bayou_pond_b, serial_bayou_pond_e,
          serial_bayou_shore_a
D:13:     wad_arrow_thing, layout_cave_pods

Notes
Turn   | Place    | Note
-------+----------+-------------------------------------------
     0 | D:1      | scionoferis the Demigod Hexslinger began the quest for the
                  | Orb.
     0 | D:1      | Reached XP level 1. HP: 15/15 MP: 4/4
    86 | D:1      | Reached skill level 1 in Fighting
   111 | D:1      | Reached skill level 2 in Dodging
   111 | D:1      | Reached XP level 2. HP: 10/23 MP: 5/5
   500 | D:1      | Reached skill level 1 in Stealth
  1067 | D:2      | Reached XP level 3. HP: 28/28 MP: 6/6
  1628 | D:2      | Found Favudenn's Distillery.
  1632 | D:2      | Bought a potion of heal wounds for 55 gold pieces
  1830 | D:3      | Noticed Robin
  1979 | D:3      | Noticed Sigmund
  2186 | D:3      | Reached skill level 1 in Long Blades
  2196 | D:3      | Reached skill level 3 in Dodging
  2196 | D:3      | Reached XP level 4. HP: 24/36 MP: 8/8
  2541 | D:4      | Reached skill level 2 in Fighting
  2586 | D:4      | Found Nogiy's Vocational Training.
  2923 | D:4      | Reached skill level 2 in Long Blades
  2923 | D:4      | Reached skill level 2 in Stealth
  2923 | D:4      | Reached XP level 5. HP: 29/41 MP: 9/9
  3294 | D:4      | Found a runed translucent gate.
  3294 | D:4      | Found a runed translucent gate.
  3294 | D:4      | Found a runed translucent gate.
  3296 | D:4      | Identified the +6 short sword of Ancient Evil {drain,
                  | +Blink rCorr Dex+4}
  3296 | D:4      | Identified the +0 ring mail "Oghovvem" {Rampage rF++ rC+
                  | Stlth-}
  3297 | D:4      | Noticed asti's ghost (novice MiBe)
  3298 | D:4      | Noticed an orc warrior
  3753 | D:5      | Entered Level 5 of the Dungeon
  3773 | D:5      | Found a staircase to the Ecumenical Temple.
  4117 | D:5      | HP: 4/41 [iguana (8)]
  4667 | D:5      | Reached XP level 6. HP: 44/49 MP: 10/10
  4721 | D:5      | Reached skill level 4 in Dodging
  4822 | D:5      | Found Sytivarr's CLEARANCE SALE!.
  4831 | D:5      | Bought a scroll of identify for 6 gold pieces
  4831 | D:5      | Bought a wand of roots (5) for 36 gold pieces
  5120 | D:6      | Noticed a cyclops
  5182 | D:6      | Reached skill level 3 in Long Blades
  5261 | D:6      | Noticed Dowan
  5743 | D:6      | Reached skill level 3 in Stealth
  5989 | D:3      | Noticed Jessica
  5998 | D:3      | Killed Jessica
  5999 | D:3      | Reached XP level 7. HP: 35/56 MP: 11/11
  6213 | D:3      | Killed Robin
  6353 | D:3      | Noticed Grinder
  6385 | D:3      | Killed Grinder
  6386 | D:3      | Reached skill level 3 in Fighting
  6386 | D:3      | Reached skill level 4 in Long Blades
  6386 | D:3      | Reached skill level 5 in Dodging
  6495 | D:3      | Killed Sigmund
  7398 | D:6      | Found Zezizias's Tremendous Tomes.
  7403 | D:6      | Got the Exposition on White Putridity
  7590 | D:6      | Noticed Duvessa
  7889 | D:6      | Your ally Duvessa died
  7890 | D:6      | Reached XP level 8. HP: 63/63 MP: 12/12
  7896 | D:6      | Killed Dowan
  8085 | D:6      | Killed a cyclops
  8086 | D:6      | Reached skill level 4 in Fighting
  8086 | D:6      | Reached skill level 5 in Long Blades
  8086 | D:6      | Reached skill level 6 in Dodging
  8086 | D:6      | Reached skill level 4 in Stealth
  8562 | D:7      | Reached skill level 6 in Long Blades
  9052 | D:7      | Reached XP level 9. HP: 61/72 MP: 13/13
  9423 | D:8      | Reached skill level 7 in Dodging
  9423 | D:8      | Reached skill level 5 in Stealth
  9754 | D:8      | Noticed Erica
 10400 | D:8      | Reached skill level 5 in Fighting
 10400 | D:8      | Reached skill level 7 in Long Blades
 10592 | D:8      | Identified the +9 hand axe "Dasionn" {venom, Fly rElec SInv
                  | Stlth+}
 10889 | D:4      | Killed asti's ghost
 11038 | D:4      | Reached skill level 8 in Dodging
 11683 | D:8      | Killed Erica
 11684 | D:8      | Reached skill level 6 in Stealth
 11784 | D:9      | Noticed a two-headed ogre
 11804 | D:9      | Found a flagged portal.
 11820 | Bailey   | Entered a bailey
 12110 | Bailey   | Reached XP level 10. HP: 66/81 MP: 14/14
 12490 | Bailey   | Found the +5 glaive of the Guard {elec, spectral, AC+5}
 12685 | Bailey   | Noticed an orc sorcerer
 12724 | Bailey   | Gained mutation: Your system is resistant to poisons.
                  | (rPois) [a neqoxec]
 13034 | Bailey   | Reached skill level 8 in Long Blades
 13479 | Bailey   | Reached skill level 9 in Dodging
 13528 | Bailey   | Killed an orc sorcerer
 13529 | Bailey   | Reached skill level 6 in Fighting
 13681 | D:9      | Noticed a tengu warrior
 13688 | D:10     | Entered Level 10 of the Dungeon
 14120 | D:9      | Noticed a tengu warrior
 14260 | D:10     | Reached skill level 9 in Long Blades
 14346 | D:10     | Identified the +2 falchion of Eggong {freeze, rF+ Will-
                  | Int+3 Dex+2}
 14588 | D:10     | Paralysed by a hornet for 1 turns
 14591 | D:10     | Reached skill level 7 in Stealth
 14895 | D:10     | Found a staircase to the Lair.
 15202 | D:11     | Identified the +4 ring mail "Ackuew" {rPois rC- Stlth+}
 15233 | D:11     | Reached XP level 11. HP: 91/91 MP: 15/15
 15276 | D:11     | Noticed Amaemon
 15317 | D:10     | Killed Amaemon
 15519 | D:11     | You are sucked into a shaft and drop 2 floors!
 15748 | D:11     | Reached skill level 10 in Dodging
 15905 | D:11     | Noticed a boulder beetle
 15920 | D:11     | Killed a boulder beetle
 15921 | D:11     | Reached skill level 7 in Fighting
 16020 | D:12     | Noticed a boulder beetle
 16033 | D:12     | Killed a boulder beetle
 16034 | D:12     | Reached skill level 10 in Long Blades
 16204 | D:12     | Noticed a two-headed ogre
 16396 | D:12     | Reached skill level 8 in Stealth
 16476 | D:12     | Reached skill level 11 in Dodging
 16832 | D:12     | Killed a two-headed ogre
 16833 | D:12     | Reached XP level 12. HP: 101/101 MP: 16/16
 16891 | D:12     | Reached skill level 11 in Long Blades
 17286 | D:13     | Noticed a six-headed hydra
 17293 | D:13     | Killed a four-headed hydra
 17489 | D:13     | Noticed a centaur warrior
 17532 | D:13     | Killed a centaur warrior
 17533 | D:13     | Reached skill level 8 in Fighting
 17567 | D:13     | Noticed a catoblepas
 17683 | D:13     | Noticed a centaur warrior
 17775 | D:13     | Killed a catoblepas
 17849 | D:13     | Noticed a centaur warrior
 17850 | D:13     | Noticed a centaur warrior
 17855 | D:13     | Killed a centaur warrior
 17856 | D:13     | Reached skill level 12 in Dodging
 17861 | D:13     | Killed a centaur warrior
 17937 | D:13     | Noticed a centaur warrior
 18036 | D:13     | Noticed a five-headed hydra
 18048 | D:13     | Killed a one-headed hydra
 18069 | D:13     | Noticed a centaur warrior
 18077 | D:13     | Killed a centaur warrior
 18078 | D:13     | Reached skill level 12 in Long Blades
 18119 | D:13     | Killed a centaur warrior
 18386 | D:13     | Killed a centaur warrior
 18600 | D:13     | Noticed a boulder beetle
 18624 | D:13     | Killed a boulder beetle
 18681 | D:13     | Noticed a centaur warrior
 18691 | D:13     | Killed a centaur warrior
 18753 | D:13     | Noticed a boulder beetle
 18774 | D:12     | Killed a boulder beetle
 18933 | D:13     | Reached skill level 13 in Dodging
 19169 | D:9      | Slain by a tengu warrior

Vanquished Creatures
  2 hydras (D:13)
  A catoblepas (D:13)
  Erica (D:8)
  7 centaur warriors (D:13)
  4 boulder beetles (D:11 D:12 D:13)
  A two-headed ogre (D:12)
  A tengu warrior (D:13)
  Amaemon (D:10)
  An orc sorcerer (Bailey)
  A deep elf pyromancer (D:13)
  An ugly thing (D:13)
  3 cyclopes (D:6 D:12 D:13)
  2 manticores (D:12)
  The ghost of asti the Chopper, a novice MiBe of Trog (D:4)
  An orange demon (D:11)
  3 gargoyles (D:11 D:12)
  An unseen horror (D:12)
  3 kobold demonologists (Bailey D:12)
  A komodo dragon (D:12)
  A freezing wraith (D:13)
  A hornet (D:10)
  Grinder (D:3)
  Sigmund (D:3)
  A centaur simulacrum (D:13)
  11 slime creatures (D:13)
  2 water elementals (D:12)
  16 yaks (D:8 D:10 D:11 D:12)
  3 shadows (D:10 D:12 D:9)
  5 wraiths (D:11 D:12)
  A vampire (D:9)
  A basilisk (D:11)
  2 steam dragons (D:7)
  7 vampire mosquitoes (D:11 D:12)
  3 acid dragons (D:10 D:12 D:13)
  20 orc warriors (D:4 Bailey D:10 D:9 D:11)
  A sky beast (D:7)
  A black bear (D:7)
  8 centaurs (D:7 D:8 D:12 D:13)
  2 kobold brigands (D:11 D:12)
  A phantom (D:5)
  A gnoll sergeant (D:9)
  4 bullfrogs (D:6 D:7 D:10)
  2 scorpions (D:10)
  12 wights (D:8 D:7 D:10)
  Dowan (D:6)
  10 killer bees (D:10)
  11 electric eels (D:8 Bailey D:12)
  3 howler monkeys (D:9 D:12)
  3 hounds (D:4 D:5 D:6)
  10 orc priests (D:3 D:4 D:6 D:8 D:10)
  5 iguanas (D:5 D:6 D:7)
  Jessica (D:3)
  14 orc wizards (D:6 D:5 D:7 D:8 D:9)
  Robin (D:3)
  11 gnolls (D:1 D:3 D:2 Bailey)
  9 adders (D:2 D:3 D:4 D:5)
  2 white imps (D:6 D:8)
  An ufetubus (D:7)
  A worm (D:2)
  2 dart slugs (D:3 D:4)
  56 orcs (D:3 D:4 D:5 D:6 D:7)
  5 ball pythons (D:1 D:4 D:3)
  A bat (D:1)
  6 endoplasms (D:3 D:4)
  3 giant cockroaches (D:1 D:3)
  24 goblins (D:1 D:2 D:3 D:4 Bailey)
  13 hobgoblins (D:1 D:2 D:4 D:3 Bailey)
  4 jackals (D:1)
  2 quokkas (D:4)
  A frilled lizard (D:2)
  10 kobolds (D:1 D:2 D:4 D:11 D:12)
  4 rats (D:1 D:2)
358 creatures vanquished.

Vanquished Creatures (others)
  Duvessa (D:6)
  An orc (D:8)
  4 fungi (D:10)
  29 plants (D:2 D:10 D:12)
  9 withered plants (D:2)
44 creatures vanquished.

Grand Total: 402 creatures vanquished

Table legend: (Time is in decaauts)
 A = Elapsed time spent in this place.
 B = Non-inter-level travel time spent in this place.
 C = Inter-level travel time spent in this place.
 D = Time resting spent in this place.
 E = Time spent auto-exploring this place.
 F = Levels seen in this place.
 G = Mean time per level.
                   A        B        C        D        E       F      G
               +--------+--------+--------+--------+--------+-----+--------+
         Total |  19189 |  17433 |   1756 |   4230 |   7570 |  14 | 1370.6 |
       Dungeon |  17292 |  15536 |   1756 |   3548 |   7550 |  13 | 1330.2 |
        Bailey |   1897 |   1897 |      0 |    682 |     20 |   1 | 1897.0 |
               +--------+--------+--------+--------+--------+-----+--------+

Top non-repeatable levels by time:
     D:4: 2231 daAuts
  Bailey: 1897 daAuts
     D:5: 1628 daAuts
    D:13: 1596 daAuts
     D:8: 1567 daAuts
     D:6: 1508 daAuts
    D:12: 1411 daAuts
     D:7: 1400 daAuts
    D:10: 1399 daAuts
     D:3: 1202 daAuts
     D:2: 1201 daAuts
     D:1: 976 daAuts
    D:11: 671 daAuts
     D:9: 495 daAuts

Table legend:
 A = Non-vault XP
 B = Vault XP
 C = Vault XP percentage of total XP
 D = Non-vault monster count
 E = Vault monster count
 F = Vault count percentage of total count
                 A         B        C        D         E       F
            +---------+---------+-------+---------+---------+-------
      Total |   29147 |   15078 |  34.1 |     249 |     110 |  30.6
            +---------+---------+-------+---------+---------+-------
        D:1 |      41 |       0 |   0.0 |      17 |       0 |   0.0
        D:2 |      44 |       4 |   8.3 |      12 |       2 |  14.3
        D:3 |     174 |     604 |  77.6 |      23 |      13 |  36.1
        D:4 |     155 |     676 |  81.3 |      23 |      10 |  30.3
        D:5 |     303 |       0 |   0.0 |      13 |       0 |   0.0
        D:6 |     828 |     143 |  14.7 |      13 |       2 |  13.3
        D:7 |     658 |     477 |  42.0 |      11 |       5 |  31.2
        D:8 |    1559 |     837 |  34.9 |      17 |       2 |  10.5
        D:9 |     723 |     402 |  35.7 |      12 |      13 |  52.0
       D:10 |    2039 |    1345 |  39.7 |      26 |       6 |  18.8
       D:11 |    3722 |     433 |  10.4 |      24 |       1 |   4.0
       D:12 |    9542 |     704 |   6.9 |      35 |       5 |  12.5
       D:13 |    9359 |    6260 |  40.1 |      23 |      11 |  32.4
     Bailey |       0 |    3193 | 100.0 |       0 |      40 | 100.0
            +---------+---------+-------+---------+---------+-------
